 Dungeon Crawl Stone Soup version 0.20-a0-1058-g0491fde (webtiles) character file.

484 hexophile the Ruffian (level 6, 0/61 HPs)
             Began as a Troll Monk on Apr 26, 2017.
             Was a Believer of Cheibriados.
             Slain by a sky beast (2 damage)
             ... on level 5 of the Dungeon.
             The game lasted 00:04:58 (3192 turns).

hexophile the Ruffian (Troll Monk)                  Turns: 3192, Time: 00:04:59

Health: 0/61       AC:  5    Str: 28    XL:     6   Next: 88%
Magic:  3/6        EV: 12    Int: 12    God:    Cheibriados [**....]
Gold:   102        SH:  0    Dex: 18    Spells: 5/5 levels left

rFire    . . .     SeeInvis .     - Unarmed
rCold    . . .     Gourm    +   (no shield)
rNeg     . . .     Faith    +   a - +0 robe
rPois    .         Spirit   .   (helmet restricted)
rElec    .         Reflect  .   (no cloak)
rCorr    .         Harm     .   (gloves unavailable)
MR       .....                  (boots unavailable)
Stlth    +++.......             e - amulet of faith {Faith}
Regen    0.6/turn               l - ring of flight {+Fly}
MPRegen  0.1/turn               p - ring of stealth {Stlth+}

@: very slow
A: unfitting armour, claws 3, fast metabolism 3, gourmand, regeneration 1,
shaggy fur 1, tough skin 2
a: Bend Time, Renounce Religion, Evoke Flight


You were on level 5 of the Dungeon.
You worshipped Cheibriados.
Cheibriados was pleased with you.
You were completely stuffed.

You visited 1 branch of the dungeon, and saw 5 of its levels.

You collected 102 gold pieces.


Innate Abilities, Weirdness & Mutations

You are too large for most types of armour.
You have claws for hands.
Your metabolism is lightning-fast.
You like to eat raw meat.
Your natural rate of healing is unusually fast.
You are covered in fur. (AC +1)
You have very tough skin. (AC +2)

Inventory:

Armour
 a - a +0 robe (worn)
Jewellery
 e - an amulet of faith (around neck) {Faith}
 l - a ring of flight (left claw) {+Fly}
 p - a ring of stealth (right claw) {Stlth+}
Scrolls
 c - a scroll of fear {unknown}
 k - 4 scrolls of remove curse
 n - a scroll of identify {unknown}
Potions
 i - a potion of brilliance {Archmagi Int+5 Wiz++}
 m - a potion of haste
 o - a potion of magic
Books
 f - a book of Misfortune

   Spells                             Type                      Level
   a - Confusing Touch                Hexes                        1
   b - Confuse                        Hexes                        3
   c - Gell's Gravitas                Translocation                3
   d - Petrify                        Transmutation/Earth          4
   e - Metabolic Englaciation         Hexes/Ice                    5
   f - Yara's Violent Unravelling     Hexes/Transmutation          5
Comestibles
 j - 3 meat rations
 r - 5 bread rations


You had 5 spell levels left.
You didn't know any spells.


   Skills:
 * Level 3.5 Fighting
 * Level 3.6 Dodging
 - Level 1.0 Stealth
 * Level 6.0 Unarmed Combat
 * Level 1.5 Invocations

Dungeon Overview and Level Annotations

Branches:
Dungeon (5/15)             Temple (0/1) D:4

Altars:
Cheibriados
Hepliaklqana
Kikubaaqudgha
Okawaru
Qazlal
Ru
Sif Muna
Trog
Uskayaw
Xom
Yredelemnul
The Shining One

Vault maps used:
D:1:      noname_arrival_rooms_in_the_neighbourhood, minmay_lizard_pond
D:2:      lemuel_zombie_altar_kikubaaqudgha, tso_oasis_becter, first_bread,
          kennysheep_generic_room_6
D:3:      lemuel_upstairs_altar, cheibriados_altar_1, trog_book
D:4:      hangedman_ru_absence, chequers_temple_overflow_minitemple,
          gammafunk_temple_overflow_wave, temple_statues
D:5:      uniq_ijyb
You       could see a sky beast and an orc wizard.


Message History

A bullfrog zombie comes into view.
You claw the orc priest!
You kill the orc priest!
Your Unarmed Combat skill increases to level 6!
The bullfrog zombie moves out of view.
The orc wizard misses you.
You scratch the orc wizard.
The orc wizard is moderately wounded.
The orc hits you but does no damage.
The orc wizard hits you but does no damage.
The orc wizard hits you with an enchanted dagger.
Something hits you but does no damage.
You lost 3 HP.
You have now: 26/61 HP.
You mangle the orc wizard!!
You kill the orc wizard!
Cheibriados appreciates the change of pace.
The orc hits you but does no damage.
The orc wizard points at you and mumbles some strange words.
The puff of flame hits you!
* * * LOW HITPOINT WARNING * * *
You lost 9 HP.
You have now: 17/61 HP.
You mangle the orc!!
You kill the orc!
Cheibriados appreciates the change of pace.
Something hits you.
* * * LOW HITPOINT WARNING * * *
Something shocks you.
* * * LOW HITPOINT WARNING * * *
The orc wizard hits you but does no damage.
You lost 7 HP.
You have now: 10/61 HP.
Unknown command.
You fail to use your ability.
A sky beast appears from thin air!
Reactivating autopickup.
The sky beast hits you.
* * * LOW HITPOINT WARNING * * *
The sky beast shocks you.
* * * LOW HITPOINT WARNING * * *
The orc wizard casts a spell at you. The puff of flame misses you.
You lost 9 HP.
You have now: 1/61 HP.
Unknown command.
Unknown command.
You claw the orc wizard!
The orc wizard is severely wounded.
The sky beast hits you but does no damage.
Unknown command.
You closely miss the orc wizard.
The orc wizard is severely wounded.
The orc wizard misses you. The sky beast hits you.
You die...

Action                   |  1- 3 |  4- 6 || total
-------------------------+-------+-------++-------
Melee: Unarmed           |   105 |   120 ||   225
       Punch             |     1 |     3 ||     4
Invok: Bend Time         |       |     2 ||     2
  Use: Scroll            |       |     5 ||     5
       Potion            |       |     5 ||     5
 Stab: Sleeping          |     3 |     3 ||     6
  Eat: Chunk             |    19 |    11 ||    30
Armor: Robe              |    24 |    31 ||    55
Dodge: Dodged            |    64 |    72 ||   136

Notes
Turn   | Place    | Note
-------+----------+-------------------------------------------
     0 | D:1      | hexophile the Troll Monk began the quest for the Orb.
     0 | D:1      | Reached XP level 1. HP: 22/22 MP: 0/0
   187 | D:1      | Reached XP level 2. HP: 29/29 MP: 1/1
   420 | D:1      | Reached skill level 4 in Unarmed Combat
   627 | D:1      | Reached XP level 3. HP: 36/36 MP: 2/2
  1027 | D:2      | Found a glowing golden altar of the Shining One.
  1334 | D:2      | Found an ancient bone altar of Kikubaaqudgha.
  1566 | D:3      | Reached XP level 4. HP: 44/44 MP: 3/3
  1640 | D:3      | Reached skill level 5 in Unarmed Combat
  1877 | D:3      | Found a snail-covered altar of Cheibriados.
  1910 | D:3      | Became a worshipper of Cheibriados the Contemplative
  1910 | D:3      | Reached * piety under Cheibriados
  1910 | D:3      | Reached ** piety under Cheibriados
  2079 | D:3      | Found a bloodstained altar of Trog.
  2218 | D:4      | Found a staircase to the Ecumenical Temple.
  2254 | D:4      | Reached XP level 5. HP: 10/50 MP: 4/4
  2263 | D:4      | Reached skill level 3 in Dodging
  2467 | D:4      | Reached skill level 3 in Fighting
  2471 | D:4      | Found a sacrificial altar of Ru.
  2498 | D:4      | Reached XP level 6. HP: 38/61 MP: 5/5
  2541 | D:4      | Found a hide-covered altar of Uskayaw.
  2541 | D:4      | Found a basalt altar of Yredelemnul.
  2742 | D:4      | Reached skill level 1 in Invocations
  2878 | D:4      | Found a stormy altar of Qazlal.
  2878 | D:4      | Found an iron altar of Okawaru.
  2883 | D:4      | Found a shimmering altar of Xom.
  2885 | D:4      | Found a deep blue altar of Sif Muna.
  2887 | D:4      | Found a hazy altar of Hepliaklqana.
  3175 | D:5      | Entered Level 5 of the Dungeon
  3177 | D:5      | Noticed a sky beast
  3186 | D:5      | Reached skill level 6 in Unarmed Combat
  3190 | D:5      | HP: 1/61 [sky beast (5)]
  3192 | D:5      | Slain by a sky beast

Table legend:
 A = Turns spent in this place as a percentage of turns spent in the entire game.
 B = Non-inter-level travel turns spent in this place as a percentage of non-inter-level travel turns spent in the entire game.
 C = Inter-level travel turns spent in this place as a percentage of turns spent in this place.
 D = Turns resting spent in this place as a percentage of non-inter-level travel turns spent in this place.
 E = Turns spent auto-exploring this place as a percentage of non-inter-level travel turns spent in this place.
 F = Non-inter-level travel turns spent in this place divided by the number of levels of this place that you've seen.
                   A       B       C       D       E      F
               +-------+-------+-------+-------+-------+----------------------
         Total | 100.0 | 100.0 |   0.4 |   0.9 |  12.4 | 216.2
       Dungeon | 100.0 | 100.0 |   0.4 |   0.9 |  12.4 | 216.2
               +-------+-------+-------+-------+-------+----------------------

Table legend:
 A = Kills in this place as a percentage of kills in entire the game.
 B = Kills by you in this place as a percentage of kills by you in the entire game.
 C = Kills by friends in this place as a percentage of kills by friends in the entire game.
 D = Other kills in this place as a percentage of other kills in the entire game.
 E = Experience gained in this place as a percentage of experience gained in the entire game.
 F = Experience gained in this place divided by the number of levels of this place that you have seen.
                   A       B       C       D       E      F
               +-------+-------+-------+-------+-------+----------------------
         Total | 100.0 | 100.0 |  -nan |  -nan | 100.0 | 138.4
       Dungeon | 100.0 | 100.0 |  -nan |  -nan | 100.0 | 138.4
               +-------+-------+-------+-------+-------+----------------------

Vanquished Creatures
  A howler monkey (D:4)
  A centaur skeleton (D:4)
  4 orc priests
  A hound (D:4)
  An iguana (D:4)
  2 worker ants (D:4)
  2 orc wizards
  4 gnolls (D:4)
  3 adders
  2 dart slugs
  2 leopard geckos (D:1)
  13 orcs
  2 ball pythons
  8 bats
  3 giant cockroaches
  6 goblins
  5 hobgoblins
  2 jackals (D:3)
  3 kobolds (D:1)
  10 frilled lizards
  A quokka skeleton (D:4)
  5 rats
  2 rat zombies (D:2)
  A plant (D:4)
84 creatures vanquished.
